[Event "22nd ETCC Women 2019"]
[Site "Batumi"]
[Date "2019.10.26"]
[Round "3.11"]
[White "Makropoulou, Marina"]
[Black "Lauterbach, Ingrid"]
[Result "1-0"]
[ECO "B42"]
[WhiteElo "2201"]
[BlackElo "2078"]
[Annotator "NA"]
[PlyCount "75"]
[EventDate "2019.10.24"]
[EventType "team-tourn"]
[EventCountry "GEO"]
[SourceTitle "playchess.com"]
[Source "ChessBase"]
[SourceQuality "1"]
[WhiteTeam "Greece"]
[BlackTeam "England"]
[WhiteTeamCountry "GRE"]
[BlackTeamCountry "ENG"]
[TimeControl "40/5400+30:1800+30"]

1. e4 c5 2. Nf3 e6 3. d4 cxd4 4. Nxd4 a6 5. Bd3 Bc5 6. Nb3 Be7 7. O-O d6 8. c4 Nf6 9. Nc3 b6 10. f4 Nbd7 11. Be3 Bb7 12. Qe2 Qc7 13. Nd2 O-O 14. g4 Nc5 15. Bc2 d5 16. exd5 exd5 17. g5 d4 18. Bxd4 Ne6 19. Be3 Qc6 20. gxf6 Qh1+ 21. Kf2 Qxh2+ 22. Ke1 Qh4+ 23. Qf2 Qxf6 24. Nde4 Qh6 25. f5 Qh3 26. Ke2 Bh4 27. Qg1 h5 28. Nd5 Bxd5 29. cxd5 Nc5 30. Nxc5 bxc5 31. Rf3 Qg4 32. Qxg4 hxg4 33. Rf4 Rfe8 34. Rxg4 Bf6 35. Rag1 Bd4 36. Rxg7+ Bxg7 37. f6 Re5 38. Rxg7+ 1-0

[Event "22nd ETCC Women 2019"]
[Site "Batumi"]
[Date "2019.10.26"]
[Round "3.12"]
[White "Benmesbah, Natacha"]
[Black "Movileanu, Daniela"]
[Result "0-1"]
[ECO "B23"]
[WhiteElo "2265"]
[BlackElo "2173"]
[Annotator "NA"]
[PlyCount "130"]
[EventDate "2019.10.24"]
[EventType "team-tourn"]
[EventCountry "GEO"]
[SourceTitle "playchess.com"]
[Source "ChessBase"]
[SourceQuality "1"]
[WhiteTeam "France"]
[BlackTeam "Italy"]
[WhiteTeamCountry "FRA"]
[BlackTeamCountry "ITA"]
[TimeControl "40/5400+30:1800+30"]

1. e4 c5 2. Nc3 e6 3. Nf3 a6 4. g3 d6 5. Bg2 Nf6 6. O-O Be7 7. d3 O-O 8. Ng5 Nc6 9. f4 Qc7 10. Nh3 Rb8 11. g4 b5 12. g5 Nd7 13. f5 Nce5 14. Rf4 b4 15. Nb1 exf5 16. Rxf5 Ng6 17. Qh5 Nde5 18. Be3 d5 19. Nd2 Bd6 20. Raf1 Be6 21. exd5 Bxf5 22. Rxf5 Ne7 23. Rf4 N5g6 24. Be4 Bxf4 25. Bxf4 Qd7 26. d6 Nc6 27. Nc4 Rfe8 28. Qf3 Nd4 29. Qh5 Rxe4 30. dxe4 Qe6 31. b3 Qxe4 32. Bg3 Qxc2 33. Nf2 Ne2+ 34. Kf1 Nef4 35. Qd1 Qxd1+ 36. Nxd1 Ne6 37. h4 Rd8 38. Ke2 f6 39. gxf6 gxf6 40. Nde3 Ngf4+ 41. Kf3 Nd3 42. Ke4 Nc1 43. Kd5 Ng7 44. Na5 Nxa2 45. Nb7 Nc3+ 46. Kc6 Rc8+ 47. Kd7 Rf8 48. Nxc5 Ne2 49. Bf2 f5 50. Nd5 a5 51. Kc6 Nc3 52. Ne7+ Kf7 53. Nd7 Re8 54. Nd5 Nxd5 55. Kxd5 Re2 56. Ne5+ Kf8 57. Bc5 Rd2+ 58. Kc6 Ne6 59. Bb6 a4 60. Kd7 a3 61. Kxe6 a2 62. Nd7+ Kg7 63. Bd8 a1=Q 64. Ne5 Rxd6+ 65. Kxd6 Qd4+ 0-1

[Event "22nd ETCC Women 2019"]
[Site "Batumi"]
[Date "2019.10.26"]
[Round "3.12"]
[White "Bhatia, Kanwal K"]
[Black "Makka, Ioulia"]
[Result "0-1"]
[ECO "B19"]
[WhiteElo "2038"]
[BlackElo "2048"]
[Annotator "NA"]
[PlyCount "58"]
[EventDate "2019.10.24"]
[EventType "team-tourn"]
[EventCountry "GEO"]
[SourceTitle "playchess.com"]
[Source "ChessBase"]
[SourceQuality "1"]
[WhiteTeam "England"]
[BlackTeam "Greece"]
[WhiteTeamCountry "ENG"]
[BlackTeamCountry "GRE"]
[TimeControl "40/5400+30:1800+30"]

1. e4 c6 2. d4 d5 3. Nd2 dxe4 4. Nxe4 Bf5 5. Ng3 Bg6 6. h4 h6 7. Nf3 Nd7 8. h5 Bh7 9. Bd3 Bxd3 10. Qxd3 e6 11. Bd2 Ngf6 12. O-O-O Be7 13. Kb1 Qb6 14. c4 Rd8 15. Qc2 O-O 16. Bf4 Rfe8 17. Nf1 c5 18. d5 exd5 19. Ne3 d4 20. Nf5 Ng4 21. Rh3 Bf8 22. Rg3 Ndf6 23. Nh2 d3 24. Rgxd3 Rxd3 25. Qxd3 Nxf2 26. Nxh6+ gxh6 27. Qg3+ Bg7 28. Bxh6 Nxh5 29. Qxf2 Qxh6 0-1

[Event "22nd ETCC Women 2019"]
[Site "Batumi"]
[Date "2019.10.26"]
[Round "3.13"]
[White "Socko, Monika"]
[Black "Hoang, Thanh Trang"]
[Result "1/2-1/2"]
[ECO "A81"]
[WhiteElo "2417"]
[BlackElo "2414"]
[Annotator "NA"]
[PlyCount "173"]
[EventDate "2019.10.24"]
[EventType "team-tourn"]
[EventCountry "GEO"]
[SourceTitle "playchess.com"]
[Source "ChessBase"]
[SourceQuality "1"]
[WhiteTeam "Poland"]
[BlackTeam "Hungary"]
[WhiteTeamCountry "POL"]
[BlackTeamCountry "HUN"]
[TimeControl "40/5400+30:1800+30"]

1. d4 f5 2. g3 Nf6 3. Bg2 g6 4. c4 Bg7 5. Nc3 O-O 6. Nh3 Nc6 7. d5 Ne5 8. b3 c5 9. O-O d6 10. Qc2 a6 11. a4 b6 12. Bb2 Rb8 13. Rae1 Bd7 14. f4 Nf7 15. e4 fxe4 16. Nxe4 b5 17. axb5 axb5 18. Nxf6+ Bxf6 19. Bxf6 exf6 20. Nf2 Nh6 21. Qc3 bxc4 22. bxc4 Nf5 23. Ne4 Bc8 24. g4 Nd4 25. g5 Rb3 26. Qa1 Nc2 27. Qa2 Nxe1 28. Qxb3 Nxg2 29. Kxg2 fxg5 30. fxg5 Rxf1 31. Kxf1 Qe7 32. Nf6+ Kf7 33. Qb8 Qb7 34. Qxb7+ Bxb7 35. Ke2 h5 36. Kd3 Bc8 37. Kc3 Bf5 38. Kb3 Bd3 39. Nd7 Be2 40. Nb6 Bd1+ 41. Ka3 Ke7 42. Na4 Kd7 43. Nc3 Bc2 44. Kb2 Bd3 45. Kb3 Kc7 46. Nd1 Kb6 47. Nb2 Be2 48. Na4+ Kc7 49. Nc3 Bd3 50. Nb5+ Kd7 51. Na3 Kc7 52. Kc3 Be2 53. Nc2 Bd1 54. Ne1 Bg4 55. Ng2 Bf5 56. Nf4 Kb6 57. Kb3 Be4 58. Ne2 Bd3 59. Ng3 Bb1 60. Kc3 Kc7 61. Ne2 Be4 62. Kb3 Bd3 63. Nc3 Bf1 64. Nb5+ Kd7 65. Na3 Kc7 66. Kc3 Be2 67. Nc2 Bg4 68. Ne3 Bf3 69. Kd3 Kd7 70. Nc2 Bg4 71. Na3 Bf5+ 72. Kc3 Kc7 73. Kb2 Bd3 74. Kb3 Bf1 75. Kc3 Be2 76. Nb1 Bf1 77. Nd2 Bh3 78. Kb3 Bf5 79. Ka4 Kb6 80. Ka3 Bd3 81. Kb3 Kc7 82. Kc3 Bf5 83. Nb3 Kb6 84. Nc1 Kc7 85. Ne2 Be4 86. Kb3 Bd3 87. Nf4 1/2-1/2

[Event "22nd ETCC Women 2019"]
[Site "Batumi"]
[Date "2019.10.26"]
[Round "3.13"]
[White "Koridze, Lile"]
[Black "Golubenko, Valentina"]
[Result "1-0"]
[ECO "E10"]
[WhiteElo "1988"]
[BlackElo "2274"]
[Annotator "NA"]
[PlyCount "85"]
[EventDate "2019.10.24"]
[EventType "team-tourn"]
[EventCountry "GEO"]
[SourceTitle "playchess.com"]
[Source "ChessBase"]
[SourceQuality "1"]
[WhiteTeam "Georgia"]
[BlackTeam "Croatia"]
[WhiteTeamCountry "GEO"]
[BlackTeamCountry "CRO"]
[TimeControl "40/5400+30:1800+30"]

1. d4 Nf6 2. c4 e6 3. Nf3 d5 4. g3 Bb4+ 5. Bd2 Be7 6. Bg2 Ne4 7. O-O c6 8. Qc2 Nd7 9. b3 f5 10. Rd1 g5 11. Bc3 h5 12. Bb2 h4 13. Nc3 g4 14. Ne5 hxg3 15. hxg3 Nxe5 16. dxe5 Ng5 17. cxd5 exd5 18. e6 Rf8 19. Bxd5 Nh3+ 20. Kf1 Qb6 21. e3 cxd5 22. Nxd5 Qb5+ 23. Kg2 Bd6 24. e7 Rf7 25. Qc3 Be6 26. Nc7+ Bxc7 27. Qh8+ Kxe7 28. Ba3+ Bd6 29. Bxd6+ Kd7 30. Bc5+ Kc6 31. Qe5 Qxc5 32. Qxe6+ Kb5 33. Rd5 Rc7 34. Rxc5+ Rxc5 35. b4 Rc6 36. Qxf5+ Kxb4 37. Qxg4+ Ka3 38. Qxh3 Kb2 39. Qh1 Rc2 40. Qb1+ Kc3 41. Qb3+ Kd2 42. Qd5+ Kc3 43. Qd4# 1-0

[Event "22nd ETCC Women 2019"]
[Site "Batumi"]
[Date "2019.10.26"]
[Round "3.14"]
[White "Gara, Anita"]
[Black "Zawadzka, Jolanta"]
[Result "1/2-1/2"]
[ECO "C43"]
[WhiteElo "2366"]
[BlackElo "2406"]
[Annotator "NA"]
[PlyCount "97"]
[EventDate "2019.10.24"]
[EventType "team-tourn"]
[EventCountry "GEO"]
[SourceTitle "playchess.com"]
[Source "ChessBase"]
[SourceQuality "1"]
[WhiteTeam "Hungary"]
[BlackTeam "Poland"]
[WhiteTeamCountry "HUN"]
[BlackTeamCountry "POL"]
[TimeControl "40/5400+30:1800+30"]

1. e4 e5 2. Nf3 Nf6 3. d4 Nxe4 4. Bd3 d5 5. Nxe5 Nd7 6. Nc3 Nxe5 7. dxe5 Nxc3 8. bxc3 Bc5 9. O-O Be6 10. Rb1 Bb6 11. Qf3 Qe7 12. Be3 h6 13. a4 O-O 14. Rfe1 f5 15. exf6 Qxf6 16. Qg3 Rae8 17. a5 Bxe3 18. Rxe3 b6 19. Rbe1 Bd7 20. Rxe8 Bxe8 21. a6 c5 22. Re5 Bf7 23. Qe3 Qc6 24. h3 c4 25. Bf5 Qb5 26. Re7 Re8 27. Kh2 Kf8 28. Rxe8+ Qxe8 29. Qf4 g5 30. Qd4 Qb8+ 31. g3 Qd6 32. Bg4 Ke7 33. Bf3 Qf6 34. Qe3+ Kd6 35. Bg2 Kc6 36. Qd2 Qf5 37. Qe2 Kb5 38. Qe7 Kxa6 39. Qa3+ Kb7 40. Qe7+ Kb8 41. Qd6+ Kb7 42. Qe7+ Kc6 43. Qxa7 Qxf2 44. Qa8+ Kc7 45. Qf8 h5 46. Qe7+ Kc8 47. Qxg5 Qxc2 48. Qf6 Be8 49. Qe6+ 1/2-1/2

[Event "22nd ETCC Women 2019"]
[Site "Batumi"]
[Date "2019.10.26"]
[Round "3.14"]
[White "Franciskovic, Borka"]
[Black "Esadze, Tamari"]
[Result "1-0"]
[ECO "A14"]
[WhiteElo "2262"]
[BlackElo "1885"]
[Annotator "NA"]
[PlyCount "81"]
[EventDate "2019.10.24"]
[EventType "team-tourn"]
[EventCountry "GEO"]
[SourceTitle "playchess.com"]
[Source "ChessBase"]
[SourceQuality "1"]
[WhiteTeam "Croatia"]
[BlackTeam "Georgia"]
[WhiteTeamCountry "CRO"]
[BlackTeamCountry "GEO"]
[TimeControl "40/5400+30:1800+30"]

1. Nf3 Nf6 2. c4 e6 3. g3 d5 4. Bg2 Be7 5. O-O O-O 6. d4 dxc4 7. Na3 Bd7 8. Nxc4 Bc6 9. Bf4 Nd5 10. Bd2 Nb6 11. Na5 Be4 12. Rc1 Na6 13. a3 Qd5 14. b4 Rad8 15. Qb3 Qxb3 16. Nxb3 c6 17. Rfd1 f6 18. Bh3 Kf7 19. Ne1 Na4 20. Be3 Rc8 21. Nd3 Bxd3 22. Rxd3 Bd6 23. Na5 Rb8 24. Bd2 f5 25. Bg2 Nb6 26. b5 cxb5 27. Bxb7 Nc7 28. Bb4 Ne8 29. Nc6 Bxb4 30. axb4 Nd6 31. Nxb8 Rxb8 32. Rc7+ Kf6 33. Bf3 a6 34. h4 Ndc4 35. Ra7 Na4 36. Rxa6 Nab2 37. Rc3 Ke7 38. h5 h6 39. Ra7+ Kf6 40. Rb7 Ra8 41. Rf7+ 1-0

[Event "22nd ETCC Women 2019"]
[Site "Batumi"]
[Date "2019.10.26"]
[Round "3.15"]
[White "Majdan, Joanna"]
[Black "Lazarne Vajda, Szidonia"]
[Result "0-1"]
[ECO "C43"]
[WhiteElo "2352"]
[BlackElo "2353"]
[Annotator "NA"]
[PlyCount "52"]
[EventDate "2019.10.24"]
[EventType "team-tourn"]
[EventCountry "GEO"]
[SourceTitle "playchess.com"]
[Source "ChessBase"]
[SourceQuality "1"]
[WhiteTeam "Poland"]
[BlackTeam "Hungary"]
[WhiteTeamCountry "POL"]
[BlackTeamCountry "HUN"]
[TimeControl "40/5400+30:1800+30"]

1. e4 e5 2. Nf3 Nf6 3. d4 Nxe4 4. dxe5 d5 5. Nbd2 Nxd2 6. Qxd2 Be7 7. Bd3 Nc6 8. c3 Be6 9. Qf4 Qd7 10. O-O h6 11. Bb5 a6 12. Ba4 O-O 13. Qg3 Kh8 14. Nd4 Nxd4 15. cxd4 Qxa4 16. Be3 Rac8 17. f4 Bf5 18. Qf3 Be4 19. Qh3 f5 20. exf6 Bxf6 21. b3 Qb4 22. Rad1 Rce8 23. g4 Bd8 24. Bc1 Kg8 25. f5 Bf6 26. Be3 Qe7 0-1

[Event "22nd ETCC Women 2019"]
[Site "Batumi"]
[Date "2019.10.26"]
[Round "3.15"]
[White "Donghvani, Nia"]
[Black "Medic, Mirjana"]
[Result "0-1"]
[ECO "C06"]
[WhiteElo "1903"]
[BlackElo "2163"]
[Annotator "NA"]
[PlyCount "68"]
[EventDate "2019.10.24"]
[EventType "team-tourn"]
[EventCountry "GEO"]
[SourceTitle "playchess.com"]
[Source "ChessBase"]
[SourceQuality "1"]
[WhiteTeam "Georgia"]
[BlackTeam "Croatia"]
[WhiteTeamCountry "GEO"]
[BlackTeamCountry "CRO"]
[TimeControl "40/5400+30:1800+30"]

1. e4 e6 2. d4 d5 3. Nd2 Nf6 4. e5 Nfd7 5. Bd3 c5 6. c3 Nc6 7. Ne2 cxd4 8. cxd4 f6 9. exf6 Nxf6 10. O-O Bd6 11. f4 O-O 12. Nf3 Qb6 13. Kh1 Bd7 14. h3 Rae8 15. b3 a5 16. Ne5 Nb4 17. Nxd7 Nxd7 18. Bb1 Rf7 19. Rf3 Nf6 20. Ng3 Nc6 21. Be3 Ba3 22. Rf2 g6 23. Bd3 Ref8 24. Rb1 Nb4 25. Re2 Rc7 26. f5 exf5 27. Bh6 Rfc8 28. Bxf5 gxf5 29. Nxf5 Nc2 30. Rd2 Rc3 31. Rd3 Ne4 32. Rxc3 Rxc3 33. Qg4+ Qg6 34. Ne7+ Bxe7 0-1

[Event "22nd ETCC Women 2019"]
[Site "Batumi"]
[Date "2019.10.26"]
[Round "3.16"]
[White "Gara, Ticia"]
[Black "Sliwicka, Alicja"]
[Result "1/2-1/2"]
[ECO "A15"]
[WhiteElo "2322"]
[BlackElo "2307"]
[Annotator "NA"]
[PlyCount "89"]
[EventDate "2019.10.24"]
[EventType "team-tourn"]
[EventCountry "GEO"]
[SourceTitle "playchess.com"]
[Source "ChessBase"]
[SourceQuality "1"]
[WhiteTeam "Hungary"]
[BlackTeam "Poland"]
[WhiteTeamCountry "HUN"]
[BlackTeamCountry "POL"]
[TimeControl "40/5400+30:1800+30"]

1. c4 Nf6 2. g3 e5 3. Bg2 d6 4. Nc3 Be7 5. d4 Nbd7 6. Nf3 O-O 7. O-O c6 8. Qc2 Re8 9. h3 Bf8 10. e4 a6 11. d5 Qc7 12. Be3 b5 13. dxc6 Qxc6 14. Nd5 bxc4 15. Nd2 Bb7 16. Qxc4 Rac8 17. Rac1 Nxd5 18. exd5 Qb5 19. Qxb5 axb5 20. Nb3 Nf6 21. Rfd1 Rxc1 22. Bxc1 e4 23. Bf1 Bxd5 24. Bxb5 Rb8 25. Be2 Bxb3 26. axb3 Rxb3 27. Bc4 Rb7 28. Bg5 Nd7 29. Bf4 Nc5 30. Rd2 Rb4 31. b3 Nxb3 32. Bxb3 Rxb3 33. Bxd6 Rd3 34. Bf4 f6 35. Kg2 g5 36. Rxd3 exd3 37. Bd2 Kf7 38. Kf3 Bc5 39. g4 Ke6 40. Ke4 Bxf2 41. Kxd3 Bc5 42. Ke4 Bd6 43. Be1 h5 44. Bc3 h4 45. Bd2 {[%emt 0:01:14] Ke5+} 1/2-1/2

[Event "22nd ETCC Women 2019"]
[Site "Batumi"]
[Date "2019.10.26"]
[Round "3.16"]
[White "Purgar, Ivona"]
[Black "Lomaia, Diana"]
[Result "0-1"]
[ECO "B91"]
[WhiteElo "2205"]
[BlackElo "1861"]
[Annotator "NA"]
[PlyCount "88"]
[EventDate "2019.10.24"]
[EventType "team-tourn"]
[EventCountry "GEO"]
[SourceTitle "playchess.com"]
[Source "ChessBase"]
[SourceQuality "1"]
[WhiteTeam "Croatia"]
[BlackTeam "Georgia"]
[WhiteTeamCountry "CRO"]
[BlackTeamCountry "GEO"]
[TimeControl "40/5400+30:1800+30"]

1. e4 c5 2. Nf3 d6 3. d4 cxd4 4. Nxd4 Nf6 5. Nc3 a6 6. g3 e5 7. Nde2 Be7 8. Bg2 Be6 9. a4 Nc6 10. Nd5 Bxd5 11. exd5 Na5 12. O-O O-O 13. Qd3 Qc7 14. b3 Nd7 15. Be3 f5 16. Rac1 b6 17. Rfd1 g6 18. Rb1 Rfc8 19. Rdc1 Nb7 20. c4 a5 21. Nc3 Nbc5 22. Qd2 Qd8 23. Re1 Na6 24. h4 Ndc5 25. Bh3 Bf6 26. h5 Rc7 27. Qe2 Rf7 28. Bg2 Raa7 29. Nb5 Rae7 30. Qd1 Nb4 31. Bxc5 bxc5 32. Bh3 e4 33. Bf1 Rg7 34. h6 Rgf7 35. Qd2 Re8 36. Qf4 Be5 37. Qd2 Qf6 38. Rbd1 Ree7 39. Rb1 f4 40. Rxe4 fxg3 41. fxg3 Bxg3 42. Rg4 Bf2+ 43. Kh1 Qf5 44. Nxd6 Qxg4 0-1

[Event "22nd ETCC Women 2019"]
[Site "Batumi"]
[Date "2019.10.26"]
[Round "3.17"]
[White "Cramling, Pia"]
[Black "Worek, Joanna"]
[Result "1-0"]
[ECO "A38"]
[WhiteElo "2462"]
[BlackElo "2319"]
[Annotator "ChessBase"]
[PlyCount "137"]
[EventDate "2019.10.24"]
[EventType "team-tourn"]
[EventCountry "GEO"]
[SourceTitle "playchess.com"]
[Source "ChessBase"]
[SourceQuality "1"]
[WhiteTeam "Sweden"]
[BlackTeam "Czech Republic"]
[WhiteTeamCountry "SWE"]
[BlackTeamCountry "CZE"]
[TimeControl "40/5400+30:1800+30"]

1. c4 c5 2. Nf3 Nf6 3. Nc3 Nc6 4. g3 g6 5. Bg2 Bg7 6. d4 cxd4 7. Nxd4 O-O 8. O-O Qa5 9. e3 Nxd4 10. exd4 d6 11. h3 Rb8 12. Be3 a6 13. a3 Be6 14. d5 Bd7 15. b4 Qc7 16. c5 Qc8 17. Kh2 Ng4+ 18. hxg4 Bxc3 19. cxd6 Bxa1 20. dxe7 Be5 21. exf8=Q+ Qxf8 22. g5 a5 23. Bc5 Qd8 24. f4 Bg7 25. Re1 axb4 26. axb4 Ra8 27. Qd2 Ra3 28. Bd4 Bxd4 29. Qxd4 Ra2 30. Kg1 Qc8 31. Qc5 Qa8 32. Re7 Bg4 33. Qc3 Qa7+ 34. Kh2 Kf8 35. d6 Rxg2+ 36. Kxg2 Qa2+ 37. Kg1 Qa7+ 38. Re3 Kg8 39. Qd2 Qa1+ 40. Re1 Qa4 41. Qc3 Qa7+ 42. Qc5 Qa4 43. Qd4 Qc6 44. Qc5 Qa4 45. Qa5 Qc6 46. Qc7 Qa4 47. Qd8+ Kg7 48. Qf6+ Kg8 49. Ra1 Qe8 50. Qe7 Qc8 51. Qc7 Qe8 52. Qc5 Bd7 53. Kf2 Bc6 54. Qd4 Bd7 55. Qe5 Qc8 56. Qc5 Qe8 57. Re1 Qa8 58. Qa5 Qb8 59. Qb6 Qa8 60. Kg1 Bc6 61. Qa5 Qc8 62. Ra1 Kg7 63. Qe5+ Kg8 64. Qc3 Qe8 65. Kf2 Qd8 66. Ra7 f6 67. Qc4+ Kf8 68. Qd4 Kg8 69. b5 1-0

[Event "22nd ETCC Women 2019"]
[Site "Batumi"]
[Date "2019.10.26"]
[Round "3.17"]
[White "Repkova, Eva"]
[Black "Mkrtchian, Lilit"]
[Result "1/2-1/2"]
[ECO "A45"]
[WhiteElo "2315"]
[BlackElo "2402"]
[Annotator "NA"]
[PlyCount "63"]
[EventDate "2019.10.24"]
[EventType "team-tourn"]
[EventCountry "GEO"]
[SourceTitle "playchess.com"]
[Source "ChessBase"]
[SourceQuality "1"]
[WhiteTeam "Slovakia"]
[BlackTeam "Armenia"]
[WhiteTeamCountry "SVK"]
[BlackTeamCountry "ARM"]
[TimeControl "40/5400+30:1800+30"]

1. d4 Nf6 2. Bf4 c5 3. d5 b5 4. f3 e6 5. dxe6 fxe6 6. e4 a6 7. c4 bxc4 8. Bxc4 d5 9. exd5 exd5 10. Bb3 c4 11. Ba4+ Bd7 12. Nc3 Bc5 13. Nxd5 O-O 14. Ne2 Bxa4 15. Nxf6+ Qxf6 16. Qxa4 Qe6 17. O-O-O Nc6 18. Bd2 Ne5 19. Nf4 Qb6 20. Bc3 Be3+ 21. Kb1 Bxf4 22. g3 Qb5 23. Qxb5 axb5 24. gxf4 Nd3 25. Rhg1 Ra7 26. Be5 b4 27. b3 Nxe5 28. fxe5 cxb3 29. axb3 Rxf3 30. Rg3 Rxg3 31. hxg3 Kf7 32. Rd4 1/2-1/2

[Event "22nd ETCC Women 2019"]
[Site "Batumi"]
[Date "2019.10.26"]
[Round "3.18"]
[White "Danielian, Elina"]
[Black "Hagarova, Zuzana"]
[Result "1-0"]
[ECO "E62"]
[WhiteElo "2385"]
[BlackElo "2295"]
[Annotator "NA"]
[PlyCount "61"]
[EventDate "2019.10.24"]
[EventType "team-tourn"]
[EventCountry "GEO"]
[SourceTitle "playchess.com"]
[Source "ChessBase"]
[SourceQuality "1"]
[WhiteTeam "Armenia"]
[BlackTeam "Slovakia"]
[WhiteTeamCountry "ARM"]
[BlackTeamCountry "SVK"]
[TimeControl "40/5400+30:1800+30"]

1. d4 Nf6 2. Nf3 g6 3. c4 Bg7 4. g3 O-O 5. Bg2 d6 6. O-O Nc6 7. Nc3 e5 8. dxe5 Nxe5 9. Qb3 Nfd7 10. Be3 Nxf3+ 11. exf3 Ne5 12. f4 Ng4 13. Bd2 Rb8 14. Rad1 Be6 15. a4 a6 16. Nd5 b5 17. Ba5 bxa4 18. Qxa4 Bxd5 19. cxd5 Rxb2 20. Qc6 Qf6 21. Bxc7 Qf5 22. h3 Rc2 23. Qb6 Nf6 24. Bxd6 Rfc8 25. Qxa6 h5 26. Qd3 Qd7 27. Be5 Ra2 28. d6 h4 29. g4 Rc5 30. Qd4 Nxg4 31. Qxc5 1-0

[Event "22nd ETCC Women 2019"]
[Site "Batumi"]
[Date "2019.10.26"]
[Round "3.18"]
[White "Olsarova, Karolina"]
[Black "Frisk, Ellinor"]
[Result "1/2-1/2"]
[ECO "B32"]
[WhiteElo "2294"]
[BlackElo "2227"]
[Annotator "NA"]
[PlyCount "114"]
[EventDate "2019.10.24"]
[EventType "team-tourn"]
[EventCountry "GEO"]
[SourceTitle "playchess.com"]
[Source "ChessBase"]
[SourceQuality "1"]
[WhiteTeam "Czech Republic"]
[BlackTeam "Sweden"]
[WhiteTeamCountry "CZE"]
[BlackTeamCountry "SWE"]
[TimeControl "40/5400+30:1800+30"]

1. e4 c5 2. Nf3 Nc6 3. d4 cxd4 4. Nxd4 e5 5. Nb5 d6 6. N5c3 f5 7. Bc4 Nf6 8. Bg5 Be7 9. O-O Nxe4 10. Nxe4 fxe4 11. Bxe7 Qxe7 12. Nc3 Be6 13. Nxe4 O-O-O 14. Bxe6+ Qxe6 15. c4 Nd4 16. Qd3 Qg6 17. Rad1 Rhf8 18. Nc3 Qxd3 19. Rxd3 Kd7 20. Re1 Rb8 21. Ne2 Nxe2+ 22. Rxe2 Rbc8 23. b3 Rc5 24. Red2 Rf6 25. a4 a6 26. Rd5 Kc6 27. Kf1 b5 28. Rxc5+ dxc5 29. axb5+ axb5 30. cxb5+ Kxb5 31. Rd7 Rg6 32. Rd5 Re6 33. Ke2 Kb4 34. Ke3 Rc6 35. Rd3 Rg6 36. g3 Rf6 37. f3 Ra6 38. Ke4 Ra2 39. Kxe5 Rxh2 40. Rd7 Kxb3 41. Rxg7 c4 42. Rb7+ Kc2 43. f4 c3 44. f5 Kd2 45. Rd7+ Ke3 46. Rc7 c2 47. f6 Rf2 48. Ke6 Kd2 49. Rd7+ Ke3 50. Rc7 Kd2 51. f7 c1=Q 52. Rxc1 Kxc1 53. Ke7 Kd2 54. f8=Q Rxf8 55. Kxf8 Ke3 56. Kg7 Kf3 57. Kxh7 Kxg3 1/2-1/2

[Event "22nd ETCC Women 2019"]
[Site "Batumi"]
[Date "2019.10.26"]
[Round "3.19"]
[White "Movsesian, Julia"]
[Black "Gevorgyan, Maria"]
[Result "1/2-1/2"]
[ECO "C50"]
[WhiteElo "2307"]
[BlackElo "2260"]
[Annotator "NA"]
[PlyCount "77"]
[EventDate "2019.10.24"]
[EventType "team-tourn"]
[EventCountry "GEO"]
[SourceTitle "playchess.com"]
[Source "ChessBase"]
[SourceQuality "1"]
[WhiteTeam "Slovakia"]
[BlackTeam "Armenia"]
[WhiteTeamCountry "SVK"]
[BlackTeamCountry "ARM"]
[TimeControl "40/5400+30:1800+30"]

1. e4 e5 2. Nf3 Nc6 3. Bc4 Nf6 4. d3 Bc5 5. c3 d6 6. Nbd2 a6 7. Bb3 h6 8. Nc4 Ba7 9. O-O O-O 10. Be3 b5 11. Ncd2 d5 12. Bxa7 Rxa7 13. a4 Rb7 14. axb5 axb5 15. Ra8 dxe4 16. Nxe4 Qe7 17. Re1 Nd7 18. Bd5 Nb6 19. Rxc8 Nxd5 20. Rxf8+ Qxf8 21. Ng3 f6 22. d4 exd4 23. Nxd4 Nxd4 24. Qxd4 c6 25. h4 Re7 26. Ra1 Qe8 27. Kh2 Qb8 28. Kh1 Qf4 29. Qxf4 Nxf4 30. Ra6 Rc7 31. Nf5 Nd3 32. Rxc6 Rxc6 33. Ne7+ Kf7 34. Nxc6 Nxb2 35. Nd4 Nd1 36. Nxb5 Nxf2+ 37. Kg1 Ne4 38. Kf1 Ke6 39. Ke2 1/2-1/2

[Event "22nd ETCC Women 2019"]
[Site "Batumi"]
[Date "2019.10.26"]
[Round "3.19"]
[White "Bengtsson, Siv"]
[Black "Petrova, Kristyna"]
[Result "1/2-1/2"]
[ECO "B80"]
[WhiteElo "2086"]
[BlackElo "2259"]
[Annotator "NA"]
[PlyCount "106"]
[EventDate "2019.10.24"]
[EventType "team-tourn"]
[EventCountry "GEO"]
[SourceTitle "playchess.com"]
[Source "ChessBase"]
[SourceQuality "1"]
[WhiteTeam "Sweden"]
[BlackTeam "Czech Republic"]
[WhiteTeamCountry "SWE"]
[BlackTeamCountry "CZE"]
[TimeControl "40/5400+30:1800+30"]

1. e4 c5 2. Nf3 d6 3. d4 cxd4 4. Nxd4 Nf6 5. Nc3 a6 6. Be3 e6 7. Qd2 Be7 8. f3 Nc6 9. O-O-O Qc7 10. Kb1 O-O 11. g4 b5 12. Nxc6 Qxc6 13. Ne2 Bb7 14. g5 Nd7 15. Nd4 Qc7 16. h4 Rfd8 17. g6 hxg6 18. h5 gxh5 19. Rxh5 Bf6 20. Bg5 Kf8 21. Rh8+ Ke7 22. Rxd8 Rxd8 23. Bxf6+ Nxf6 24. Qg5 Qc5 25. Qxg7 Rg8 26. Qh6 Rg1 27. Qd2 Nd7 28. Qf2 Rg7 29. Qh4+ Qg5 30. Qf2 Nc5 31. Nb3 Nxb3 32. axb3 Qc5 33. Qh4+ Qg5 34. Qf2 Qc5 35. Qh4+ Kd7 36. Qf6 Qg5 37. Qd4 d5 38. Qb6 Kc8 39. exd5 exd5 40. Qd6 f5 41. Rd3 Rc7 42. Qf8+ Qd8 43. Qxf5+ Kb8 44. Re3 d4 45. Re5 Rg7 46. Re1 Rg1 47. Qe5+ Ka8 48. Bd3 Rxe1+ 49. Qxe1 Bxf3 50. Be4+ Bxe4 51. Qxe4+ Ka7 52. Qc6 d3 53. cxd3 Qxd3+ 1/2-1/2

[Event "22nd ETCC Women 2019"]
[Site "Batumi"]
[Date "2019.10.26"]
[Round "3.20"]
[White "Sargsyan, Anna M."]
[Black "Cibickova, Zuzana"]
[Result "1-0"]
[ECO "D78"]
[WhiteElo "2242"]
[BlackElo "2258"]
[Annotator "NA"]
[PlyCount "59"]
[EventDate "2019.10.24"]
[EventType "team-tourn"]
[EventCountry "GEO"]
[SourceTitle "playchess.com"]
[Source "ChessBase"]
[SourceQuality "1"]
[WhiteTeam "Armenia"]
[BlackTeam "Slovakia"]
[WhiteTeamCountry "ARM"]
[BlackTeamCountry "SVK"]
[TimeControl "40/5400+30:1800+30"]

1. d4 Nf6 2. c4 g6 3. g3 c6 4. Bg2 d5 5. Nf3 Bg7 6. O-O O-O 7. Qb3 a5 8. cxd5 a4 9. Qd1 cxd5 10. Nc3 Ne4 11. Nxa4 Qa5 12. b3 b5 13. Nb2 Qc3 14. e3 Bb7 15. Qd3 Rc8 16. Qxb5 Ra7 17. Ne5 Bxe5 18. Bxe4 Bf6 19. Qb6 dxe4 20. Qxa7 Ba6 21. Rd1 Be2 22. Bd2 Qc6 23. Rdc1 Qe6 24. Rxc8+ Qxc8 25. Qa8 Bf3 26. Nd3 Kg7 27. Ne1 h5 28. Rc1 Qd8 29. Nxf3 exf3 30. Qxf3 1-0

[Event "22nd ETCC Women 2019"]
[Site "Batumi"]
[Date "2019.10.26"]
[Round "3.20"]
[White "Miturova, Magdalena"]
[Black "Borisova, Borislava"]
[Result "1-0"]
[ECO "C16"]
[WhiteElo "2179"]
[BlackElo "1919"]
[Annotator "NA"]
[PlyCount "81"]
[EventDate "2019.10.24"]
[EventType "team-tourn"]
[EventCountry "GEO"]
[SourceTitle "playchess.com"]
[Source "ChessBase"]
[SourceQuality "1"]
[WhiteTeam "Czech Republic"]
[BlackTeam "Sweden"]
[WhiteTeamCountry "CZE"]
[BlackTeamCountry "SWE"]
[TimeControl "40/5400+30:1800+30"]

1. e4 e6 2. d4 d5 3. Nc3 Bb4 4. e5 b6 5. a3 Bf8 6. Nf3 Ne7 7. b4 a5 8. b5 Nf5 9. Bg5 Be7 10. h4 h6 11. Bxe7 Nxe7 12. Bd3 Bb7 13. Rh3 Nd7 14. Rg3 g6 15. h5 g5 16. Nh2 Nf5 17. Bxf5 exf5 18. Qf3 f4 19. Rh3 Nf8 20. Ng4 Ne6 21. Rd1 Kf8 22. Nf6 Rb8 23. Kf1 c6 24. bxc6 Bxc6 25. a4 Nc7 26. Kg1 Kg7 27. Re1 b5 28. axb5 Nxb5 29. Nxb5 Bxb5 30. g3 fxg3 31. Rxg3 Bc4 32. Qf5 Rb6 33. Nd7 Re6 34. Nc5 Rhe8 35. Nxe6+ Rxe6 36. Rb1 Qc7 37. f4 Qa7 38. c3 a4 39. fxg5 Qe7 40. gxh6+ Kh8 41. Rb8+ 1-0